 Dungeon Crawl Stone Soup version 0.20.1-1-g8b1a95d (webtiles) character file.

25 slep the Skirmisher (level 3, -3/30 HPs)
             Began as a Formicid Abyssal Knight on Oct 31, 2017.
             Was a Follower of Lugonu.
             Slain by a worm (11 damage)
             ... on level 2 of the Dungeon.
             The game lasted 00:04:40 (956 turns).

slep the Skirmisher (Formicid Abyssal Knight)        Turns: 956, Time: 00:04:41

Health: -3/30      AC:  4    Str: 16    XL:     3   Next: 17%
Magic:  4/4        EV: 11    Int: 11    God:    Lugonu [*.....]
Gold:   58         SH:  0    Dex: 11    Spells: 2/2 levels left

rFire    . . .     SeeInvis +   a - +1 falchion
rCold    . . .     Gourm    .   (no shield)
rNeg     . . .     Faith    .   b - +0 leather armour
rPois    .         Spirit   .   (helmet unavailable)
rElec    .         Reflect  .   (no cloak)
rCorr    .         Harm     .   g - +0 pair of gloves
MR       .....                  (no boots)
Stlth    +.........             (no amulet)
Regen    0.1/turn               (no ring)
MPRegen  0.1/turn               (no ring)

@: no status effects
A: permanent stasis, dig shafts and tunnels, four strong arms, antennae 3
a: Dig, Shaft Self, Depart the Abyss, Renounce Religion


You were on level 2 of the Dungeon.
You worshipped Lugonu.
Lugonu was aware of your devotion.
You were not hungry.

You visited 1 branch of the dungeon, and saw 2 of its levels.
You visited the Abyss 1 time.

You collected 58 gold pieces.

Inventory:

Hand Weapons
 a - a +1 falchion (weapon)
 f - a cursed -3 dagger
Armour
 b - a +0 leather armour (worn)
 g - a +0 pair of gloves (worn)
Scrolls
 d - a scroll of random uselessness {unknown}
 h - 2 scrolls of teleportation {unknown}
 m - a scroll of noise {unknown}
Potions
 e - a potion of magic {unknown}
 i - 2 potions of curing {unknown}
 j - a potion of brilliance {unknown}
 l - a potion of resistance {unknown}
 n - a potion of heal wounds {unknown}
Comestibles
 c - a bread ration
 k - 4 chunks of flesh


   Skills:
 + Level 4.0 Fighting
 + Level 2.1 Long Blades
 + Level 2.6 Armour
 + Level 1.1 Dodging
 + Level 2.1 Invocations


You had 2 spell levels left.
You didn't know any spells.

Dungeon Overview and Level Annotations

Branches:
Dungeon (2/15)

Altars:


Innate Abilities, Weirdness & Mutations

You cannot be hasted, slowed, berserked, paralysed or teleported.
You can dig through walls and to a lower floor.
Your four strong arms can wield two-handed weapons with a shield.
You have a pair of large antennae on your head. (SInv)


Message History

The worm is lightly wounded.
The worm bites you!
You hit the worm.
The worm is lightly wounded.
You slash the worm!
The worm is heavily wounded.
The worm barely misses you.
You hit the worm.
The worm is heavily wounded.
The worm bites you!
* * * LOW HITPOINT WARNING * * *
You completely miss the worm.
The worm is heavily wounded.
The worm misses you.
You hit the worm.
The worm is severely wounded.
You hit the worm.
The worm is severely wounded.
The worm bites you!
You die...

#. #.# ##..#
.#.# # #..# .#
#..# #.##
######<.##..$##
.........@w...#
#####..##...##
#..###.###
#...>.....
#.########.#
#.# #.###
#.##### ..#.
#.....# #).####
#####.# #.....


You could see a worm.

Vanquished Creatures
  2 leopard geckos (D:1)
  A ball python (D:1)
  3 bats (D:1)
  3 goblins (D:1)
  A hobgoblin (D:1)
  2 jackals (D:1)
  2 kobolds (D:1)
  A quokka (D:2)
  3 frilled lizards (D:1)
  3 rats (D:2)
21 creatures vanquished.

Notes
Turn   | Place    | Note
-------+----------+-------------------------------------------
     0 | Abyss:1  | slep the Formicid Abyssal Knight began the quest for the Orb.
     0 | Abyss:1  | Reached XP level 1. HP: 18/18 MP: 2/2
   222 | Abyss:1  | Noticed a quasit
   240 | Abyss:1  | Noticed a hell hound
   242 | D:1      | Escaped the Abyss
   288 | D:1      | Reached skill level 1 in Dodging
   334 | D:1      | Reached XP level 2. HP: 22/25 MP: 3/3
   433 | D:1      | Reached * piety under Lugonu
   616 | D:1      | Reached XP level 3. HP: 24/30 MP: 4/4
   896 | D:2      | Reached skill level 4 in Fighting
   956 | D:2      | Slain by a worm

Skill      XL: |  1  2  3 |
---------------+----------+-----
Dodging        | 1 |  1.1
Fighting       | 4 |  4.0
Long Blades    | |  2.1
Armour         | |  2.6
Invocations    | |  2.1

Action                   || total
-------------------------++-------
Melee: Falchion          ||    64
Invok: Depart the Abyss  ||     1
Armor: Leather armour    ||    15
Dodge: Dodged            ||    24
       Rpst.: Falchion   ||     4
